 Dungeon Crawl Stone Soup version 0.30-a0-359-gd0147acb1a (webtiles) character file.

Game seed: 17853477740654006065

11368 Lobster4 the Grasshopper (level 12, -3/91 HPs)
             Began as a Human Warper on Nov 11, 2022.
             Was a Priest of Fedhas.
             Killed from afar by a gargoyle (27 damage)
             ... with a stone arrow
             ... on level 12 of the Dungeon on Nov 12, 2022.
             The game lasted 00:53:56 (12767 turns).

Lobster4 the Grasshopper (Human Warper)            Turns: 12767, Time: 00:53:57

Health: -3/91      AC: 16    Str: 12    XL:     12   Next: 6%
Magic:  21/21      EV: 18    Int: 15    God:    Fedhas [***...]
Gold:   709        SH:  0    Dex: 19    Spells: 17/24 levels left

rFire   . . .      SeeInvis .    a - +2 falchion (flame)
rCold   . . .      Faith    .    (no shield)
rNeg    . . .      Spirit   .    M - +0 acid dragon scales
rPois   .          Reflect  .    (no helmet)
rElec   .          Harm     .    (no cloak)
rCorr   +          Rampage  .    E - +2 pair of gloves {Dex+3}
Will    .....                    K - +0 pair of boots
Stlth   +.........               k - amulet of magic regeneration
HPRegen 0.35/turn                o - +4 ring of evasion
MPRegen 0.57/turn                c - +4 ring of protection

@: no status effects
A: no striking features
a: Renounce Religion, Wall of Briars, Grow Ballistomycete


You were on level 12 of the Dungeon.
You worshipped Fedhas.
Fedhas was most pleased with you.
You visited 2 branches of the dungeon, and saw 13 of its levels.
You also visited: Ossuary.

You collected 741 gold pieces.
You spent 32 gold pieces at shops.

Inventory:

Hand Weapons
 a - a +2 falchion of flaming (weapon)
 b - a +1 sling of draining
 x - a +4 dagger of speed
 L - a +0 long sword
 U - a +2 dagger of electrocution
 X - the +6 trident of Fortitude {drain, rPois Str+3 Dex+3}
   (You found it on level 12 of the Dungeon)

   A truly terrible weapon, it drains the life of any living foe it strikes.
   Str:       It affects your strength (+3).
   Dex:       It affects your dexterity (+3).
   rPois:     It protects you from poison.
Missiles
 e - 2 datura-tipped darts
 g - 51 stones
 t - 12 poisoned darts (quivered)
 H - 12 boomerangs
 Z - a curare-tipped dart
Armour
 i - a +0 ring mail
 p - a +0 buckler
 s - a +0 leather armour
 A - the +2 robe "Yguckeso" {-Cast rPois rF+ Slay+3}
   (You found it on level 3 of the Dungeon)

   Slay:      It affects your accuracy & damage with ranged weapons and melee
   (+3).
   rF:        It protects you from fire.
   rPois:     It protects you from poison.
   -Cast:     It prevents spellcasting.
 E - a +2 pair of gloves of dexterity (worn)
 K - a +0 pair of boots (worn)
 M - +0 acid dragon scales (worn)
Magical Staves
 Q - a staff of poison
Jewellery
 c - a +4 ring of protection (right hand)
 f - a ring of protection from cold
 k - an amulet of magic regeneration (around neck)
 o - a +4 ring of evasion (left hand)
 v - the Hermit's Pendant {Faith Invo=14 Evo=0 MP+5}
   (You found it on level 3 of the Dungeon)

   [amulet of faith]

   It sets your invocations skill to 14 and your evocations skill to 0.
   It allows you to gain divine favour quickly.
   MP:        It affects your magic capacity (+5).
 w - a ring of wizardry
 y - a ring of protection from fire
 C - a +6 ring of intelligence
 W - the necklace of Bloodlust {*Rage Will++ Int-3 Slay+6}
   (You found it on level 11 of the Dungeon)

   [amulet of nothing]

   It extends the wearer's berserk rage when killing foes.
   Int:       It affects your intelligence (-3).
   Slay:      It affects your accuracy & damage with ranged weapons and melee
   (+6).
   *Rage:     It berserks you when you make melee attacks (+50% chance).
   Will:      It greatly increases your willpower.
Wands
 d - a wand of polymorph (1)
 j - a wand of flame (18)
 I - a wand of charming (2)
Scrolls
 h - 3 scrolls of immolation
 r - 3 scrolls of amnesia
 u - 2 scrolls of teleportation
 B - 3 scrolls of fog
 D - 2 scrolls of identify
 F - a scroll of fear
 G - 2 scrolls of magic mapping
 J - 5 scrolls of blinking
 N - a scroll of silence
Potions
 l - a potion of ambrosia
 m - 6 potions of haste
 n - 2 potions of invisibility
 q - 4 potions of lignification
 z - 8 potions of curing
 O - 2 potions of brilliance
 P - a potion of resistance
 R - 3 potions of flight
 S - a potion of might
 T - a potion of magic
 Y - a potion of cancellation
Miscellaneous
 V - a tin of tremorstones (inert)


   Skills:
 + Level 7.0 Fighting
 - Level 5.7(6.3) Short Blades
 + Level 3.8(5.3) Long Blades
 + Level 0.4(1.3) Polearms
 - Level 2.0 Staves
 + Level 6.0 Ranged Weapons
 - Level 1.0 Throwing
 - Level 6.0 Armour
 - Level 6.0 Dodging
 + Level 1.4 Shields
 + Level 6.6 Spellcasting
 + Level 7.4 Translocations
 + Level 2.9 Poison Magic
 + Level 4.5 Invocations
 - Level 3.0 Evocations


You had 17 spell levels left.
You knew the following spells:

 Your Spells              Type           Power      Damage    Failure   Level
a - Blink                 Tloc           54%        N/A       1%          2
b - Teleport Other        Tloc           27%        N/A       2%          3
c - Poisonous Vapours     Pois/Air       18%        N/A       16%         2

Your spell library contained the following spells:

 Spells                   Type           Power      Damage    Failure   Level
 Lesser Beckoning         Tloc           54%        N/A       2%          3
 Manifold Assault         Tloc           27%        N/A       10%         4
 Sting                    Tmut/Pois      36%        1d4       11%         1
 Vhi's Electric Charge    Tloc/Air       32%        N/A       13%         3
 Ensorcelled Hibernation  Hex/Ice        8%         N/A       30%         2
 Passwall                 Tmut/Erth      3%         N/A       30%         2
 Sublimation of Blood     Necr           4%         N/A       30%         2
 Wereblood                Tmut           4%         N/A       30%         2
 Olgreb's Toxic Radiance  Pois           13%        N/A       50%         4
 Swiftness                Air            4%         N/A       52%         3
 Statue Form              Tmut/Erth      2%         N/A       100%        6
 Enfeeble                 Hex            2%         N/A       100%        7
 Storm Form               Tmut/Air       2%         N/A       100%        7
 Summon Hydra             Summ           2%         N/A       100%        7


Dungeon Overview and Level Annotations

Branches:
Dungeon (12/15)            Temple (1/1) D:6            Lair (0/5) D:10
    Orc (0/2) D:10        Ossuary (visited)

Altars:
Ashenzari
Cheibriados
Dithmenos
Elyvilon
Fedhas
Gozag
Hepliaklqana
Kikubaaqudgha
Makhleb
Nemelex Xobeh
Okawaru
Qazlal
Ru
Sif Muna
Trog
Uskayaw
Vehumet
Wu Jian
Xom
Yredelemnul
Zin
The Shining One

Shops:
D:12 *

Annotations:
D:4 Grinder


Message History

The gargoyle is severely damaged.
The gargoyle hurls a stone arrow at you.
The stone arrow misses you.
You hit the gargoyle but do no damage.
The gargoyle is severely damaged.
The gargoyle barely misses you.
You hit the gargoyle. You burn the gargoyle.
The gargoyle is almost destroyed.
The gargoyle barely misses you.
You hit the gargoyle but do no damage.
The gargoyle is almost destroyed.
The gargoyle misses you.
You hit the gargoyle but do no damage.
The gargoyle is almost destroyed.
The gargoyle completely misses you.
You barely miss the gargoyle.
The gargoyle is severely damaged.
The gargoyle hurls a stone arrow at you.
The stone arrow misses you.
You hit the gargoyle but do no damage.
The gargoyle is severely damaged.
The gargoyle hits you with a +0 mace!
* * * LOW HITPOINT WARNING * * *
You hit the gargoyle but do no damage.
The gargoyle is severely damaged.
The gargoyle completely misses you.
You hit the gargoyle but do no damage.
The gargoyle is severely damaged.
The gargoyle hurls a stone arrow at you.
The stone arrow misses you.
You barely miss the gargoyle.
The gargoyle is severely damaged.
The gargoyle hits you with a +0 mace.
* * * LOW HITPOINT WARNING * * *
You hit the gargoyle. You burn the gargoyle.
The gargoyle is almost destroyed.
The gargoyle hurls a stone arrow at you.
The stone arrow hits you!!
You die...
Fedhas appreciates your contribution to the ecosystem.

... .... .... ..######
#### # ####..[..
#..######### ...'....#
#........... #..9@#
#........... ###....#
#######...##
#....#############...##
#.[..#..#.......#......
#....'..#.......#......
#....#..'.......#......
#....#..############..#
#....################'#
#....#.............#...


You could see a gargoyle.

Vanquished Creatures
  Snorg (D:11)
  3 two-headed ogres
  2 deep trolls (D:11)
  Pikel (D:5)
  A manticore (D:11)
  A rime drake (D:10)
  4 trolls
  2 shadows (D:10)
  A steam dragon (D:8)
  A wraith (D:9)
  Eustachio (D:6)
  2 vampire mosquitoes
  2 acid dragons
  Duvessa (D:6)
  A water moccasin (D:7)
  2 orc warriors (D:9)
  4 ice beasts
  2 sky beasts
  4 centaurs (D:12)
  3 ogres
  A wolf (D:10)
  A phantom (D:6)
  A kobold brigand (D:11)
  Blork the orc (D:5)
  A gnoll sergeant (D:6)
  A necrophage (D:4)
  A wyvern zombie (Ossuary)
  4 scorpions
  6 wights (D:9)
  7 howler monkeys
  2 bullfrog zombies (Ossuary)
  A centaur zombie (Ossuary)
  5 hounds
  2 jellies
  6 orc priests
  A gnoll bouda (D:8)
  Natasha (thrice) (D:3)
  2 orc wizards
  A killer bee zombie (Ossuary)
  17 mummies (Ossuary)
  2 howler monkey zombies (Ossuary)
  14 gnolls
  6 adders
  A shadow imp (D:3)
  5 dart slugs
  41 orcs
  14 endoplasms
  2 giant cockroaches
  8 goblins
  5 hobgoblins
  4 jackals (D:1)
  2 quokkas
  11 ball pythons
  2 bats
  6 frilled lizards
  14 kobolds
  8 rats
248 creatures vanquished.

Vanquished Creatures (collateral kills)
  A troll (D:10)
  A vampire mosquito (D:10)
  A black bear (D:6)
  Dowan (D:6)
  A wight (D:9)
  A killer bee (D:9)
  An adder (D:6)
  A kobold (D:10)
8 creatures vanquished.

Vanquished Creatures (others)
  2 wights (D:9)
  3 killer bees (D:9)
  An orc wizard (D:8)
  6 withered plants (Ossuary)
12 creatures vanquished.

Grand Total: 268 creatures vanquished

Notes
Turn   | Place    | Note
-------+----------+-------------------------------------------
     0 | D:1      | Lobster4 the Human Warper began the quest for the Orb.
     0 | D:1      | Reached XP level 1. HP: 16/16 MP: 3/3
   160 | D:1      | Reached XP level 2. HP: 6/22 MP: 5/5
   444 | D:1      | Reached XP level 3. HP: 27/27 MP: 6/6
   528 | D:1      | Learned a level 2 spell: Blink
  1222 | D:2      | Found a basalt altar of Yredelemnul.
  1235 | D:2      | Reached XP level 4. HP: 34/34 MP: 7/7
  1557 | D:3      | Noticed Natasha
  1567 | D:3      | Killed Natasha
  1679 | D:3      | Found the Hermit's Pendant {Faith Invo=14 Evo=0 MP+5}
  1686 | D:3      | Noticed Natasha
  1691 | D:3      | Killed Natasha
  1692 | D:3      | Reached XP level 5. HP: 25/39 MP: 8/8
  1909 | D:3      | Identified the +2 robe "Yguckeso" {-Cast rPois rF+ Slay+3}
  1942 | D:3      | Noticed Natasha
  1945 | D:3      | Killed Natasha
  2124 | D:3      | Got the Compendium of Reshaped Beguiling
  2507 | D:4      | Noticed an ogre
  2515 | D:4      | Killed an ogre
  2516 | D:4      | Reached skill level 1 in Ranged Weapons
  2516 | D:4      | Reached XP level 6. HP: 23/47 MP: 10/10
  2720 | D:4      | Reached skill level 1 in Short Blades
  3003 | D:4      | Reached XP level 7. HP: 49/52 MP: 11/11
  3148 | D:4      | Noticed Grinder
  3596 | D:5      | Entered Level 5 of the Dungeon
  3765 | D:5      | Noticed Pikel
  3789 | D:5      | Killed Pikel
  3790 | D:5      | Reached XP level 8. HP: 46/60 MP: 11/13
  3919 | D:5      | Noticed Blork the orc
  3926 | D:5      | Killed Blork the orc
  4646 | D:6      | Noticed Eustachio
  4646 | D:6      | Found a staircase to the Ecumenical Temple.
  4751 | D:6      | Reached skill level 5 in Translocations
  4751 | D:6      | Reached XP level 9. HP: 48/66 MP: 15/15
  4922 | D:6      | Killed Eustachio
  4940 | Temple   | Entered the Ecumenical Temple
  5392 | Temple   | Became a worshipper of Fedhas Madash
  5494 | D:6      | Noticed Dowan
  5505 | D:6      | Noticed Duvessa
  5714 | D:6      | Killed Duvessa
  5720 | D:6      | Killed Dowan
  5755 | D:6      | Reached skill level 5 in Fighting
  6099 | D:6      | Reached skill level 5 in Dodging
  6301 | D:7      | Reached skill level 1 in Invocations
  6420 | D:7      | Reached skill level 1 in Evocations
  6440 | D:7      | Found a sand-covered staircase.
  6449 | Ossuary  | Entered an ossuary
  6516 | Ossuary  | Reached XP level 10. HP: 74/74 MP: 17/17
  6540 | Ossuary  | Reached skill level 5 in Armour
  6550 | Ossuary  | Reached * piety under Fedhas
  7166 | D:8      | Found a bloodstained altar of Trog.
  7166 | D:8      | Found a sacrificial altar of Ru.
  7331 | D:8      | Learned a level 3 spell: Teleport Other
  7352 | D:8      | Reached skill level 5 in Spellcasting
  8585 | D:9      | Reached ** piety under Fedhas
  8991 | D:9      | Noticed a two-headed ogre
  9010 | D:9      | Killed a two-headed ogre
  9011 | D:9      | Reached skill level 5 in Short Blades
  9011 | D:9      | Reached skill level 1 in Staves
  9011 | D:9      | Reached skill level 1 in Poison Magic
  9169 | D:9      | Noticed a red ugly thing
  9556 | D:9      | Reached XP level 11. HP: 79/80 MP: 19/19
  9776 | D:9      | Found an iron altar of Okawaru.
  9907 | D:10     | Entered Level 10 of the Dungeon
  9908 | D:10     | Found a staircase to the Orcish Mines.
 10266 | D:10     | Reached *** piety under Fedhas
 10449 | D:10     | Noticed a two-headed ogre
 10615 | D:10     | Found a staircase to the Lair.
 10638 | D:10     | Killed a two-headed ogre
 10639 | D:10     | Reached skill level 5 in Ranged Weapons
 11134 | D:11     | Noticed Snorg
 11412 | D:11     | Noticed a manticore
 11466 | D:11     | Noticed a deep troll
 11497 | D:11     | Killed a deep troll
 11499 | D:11     | Noticed a deep troll
 11763 | D:11     | Learned a level 2 spell: Poisonous Vapours
 11786 | D:11     | Killed a manticore
 11823 | D:11     | Killed Snorg
 11998 | D:11     | Killed a deep troll
 11999 | D:11     | Reached skill level 1 in Shields
 12262 | D:11     | Found the necklace of Bloodlust {*Rage Will++ Int-3 Slay+6}
 12503 | D:12     | Identified the +6 trident of Fortitude {drain, rPois Str+3
                  | Dex+3}
 12518 | D:12     | Found Ziries's Assorted Antiques.
 12518 | D:12     | Noticed a two-headed ogre
 12538 | D:12     | Killed a two-headed ogre
 12539 | D:12     | Reached XP level 12. HP: 85/91 MP: 21/21
 12557 | D:12     | Bought a metallic purple potion for 16 gold pieces
 12557 | D:12     | Bought a green potion for 16 gold pieces
 12767 | D:12     | Killed from afar by a gargoyle

Illustrated notes

Levels and vault maps discovered:
D:1:      amcnicky_arrival_single_pillar, layout_loops_ring,
          chequers_serial_rivers_micro_b
D:2:      layout_rooms, basic_altar, minmay_increasing_density
D:3:      layout_loops_cross, hangedman_decor_clover_reticule, uniq_natasha
D:4:      layout_basic, st_stairs_9, nrook_uturn, roderic_serpentine_path,
          supply_closet_lemuel, chequers_serial_rivers_micro_c, uniq_grinder
D:5:      layout_loops_ring, st_stairs_8, minmay_misc_feat_room, uniq_pikel,
          uniq_blork_the_orc
D:6:      layout_loops_ring, minmay_temple_entry_stoned_glass,
          minmay_joined_circles, uniq_eustachio, uniq_duvessa
D:7:      layout_rooms, enter_ossuary_1, chequers_decorated_corner,
          minmay_tree_intersection
D:8:      layout_loops_ring, amethyst_overflow_temple_binary
D:9:      layout_loops_corners, okawaru_altar_gauntlet_db, special_room
          [special_room_orc], minmay_strange_pillars
D:10:     layout_cave_pools, hellmonk_lair_entry_icy,
          kennysheep_cross_bottleneck, fountainhead
D:11:     layout_big_octagon, hellmonk_guarded_unrand_vitality_bloodlust,
          uniq_snorg
D:12:     layout_gridville, serial_shops, nicolae_shop_advertising_works
          [nicolae_subvault_shop_adworks], shop, uniq_erolcha
Temple:   compressed_dpeg_triangle_lava_temple

Skill      XL: |  1  2  3  4  5  6  7  8  9 10 11 |
---------------+----------------------------------+-----
Armour         | 2 3 4 5 6 |  6.0
Fighting       | 3 4 5 6 7 |  7.0
Ranged Weapons | 1 2 3 4 6 |  6.0
Short Blades   | 1 2 3 4 5 |  5.7
Dodging        | 3 4 5 6 |  6.0
Spellcasting   | 3 4 5 6 |  6.6
Translocations | 4 5 6 7 |  7.4
Invocations    | 1 3 4 |  4.5
Evocations     | 1 2 3 |  3.0
Staves         | 1 2 |  2.0
Poison Magic   | 1 2 |  2.9
Long Blades    | 3 |  3.8
Shields        | 1 |  1.4
Polearms       | |  0.4
Throwing       | |  1.0

Action                   |  1- 3 |  4- 6 |  7- 9 | 10-12 || total
-------------------------+-------+-------+-------+-------++-------
Melee: Falchion          |   108 |       |       |    78 ||   186
       Dagger            |    38 |   101 |   220 |   284 ||   643
       Punch             |     1 |       |     2 |     8 ||    11
       Staff             |       |       |       |     4 ||     4
 Fire: Sling             |       |       |    34 |   454 ||   488
Throw: Stone             |     3 |       |       |       ||     3
       Dart              |       |     3 |    41 |    20 ||    64
       Boomerang         |       |       |     6 |     6 ||    12
       Throwing net      |       |       |       |     2 ||     2
 Cast: Teleport Other    |       |       |       |     5 ||     5
Evoke: Wand              |       |    11 |     7 |    23 ||    41
       Tin of tremorston |       |       |       |     2 ||     2
  Use: Scroll            |     3 |    10 |     8 |    10 ||    31
       Potion            |       |     1 |     2 |     1 ||     4
 Stab: Sleeping          |     1 |     1 |     3 |       ||     5
Armor: Leather armour    |    29 |     3 |       |       ||    32
       Robe              |       |     6 |    50 |    11 ||    67
       Acid dragon scale |       |       |       |   184 ||   184
Dodge: Dodged            |   103 |    39 |    89 |   592 ||   823

Table legend: (Time is in decaauts)
 A = Elapsed time spent in this place.
 B = Non-inter-level travel time spent in this place.
 C = Inter-level travel time spent in this place.
 D = Time resting spent in this place.
 E = Time spent auto-exploring this place.
 F = Levels seen in this place.
 G = Mean time per level.
                   A        B        C        D        E       F      G
               +--------+--------+--------+--------+--------+-----+--------+
         Total |  12645 |  12003 |    642 |   1707 |   7538 |  14 |  903.2 |
       Dungeon |  11725 |  11083 |    642 |   1705 |   6917 |  12 |  977.1 |
        Temple |    455 |    455 |      0 |      0 |    414 |   1 |  455.0 |
       Ossuary |    463 |    463 |      0 |      2 |    207 |   1 |  463.0 |
               +--------+--------+--------+--------+--------+-----+--------+

Top non-repeatable levels by time:
     D:9: 1566 daAuts
    D:10: 1487 daAuts
     D:4: 1158 daAuts
     D:6: 1125 daAuts
     D:8: 1097 daAuts
    D:11: 994 daAuts
     D:1: 979 daAuts
     D:3: 918 daAuts
     D:5: 907 daAuts
     D:7: 588 daAuts
     D:2: 501 daAuts
 Ossuary: 463 daAuts
  Temple: 455 daAuts
    D:12: 401 daAuts
